 Dungeon Crawl Stone Soup version 0.19.1-1-g22dce08 (webtiles) character file.

51 Miant the Stinger (level 3, 0/19 HPs)
             Began as a Tengu Venom Mage on Dec 28, 2016.
             Succumbed to an adder's poison
             ... on level 2 of the Dungeon.
             The game lasted 00:12:27 (1852 turns).

Miant the Stinger (Tengu Venom Mage)                Turns: 1852, Time: 00:12:27

Health: 0/19       AC:  2    Str:  8    XL:     3   Next: 81%
Magic:  5/7        EV: 13    Int: 16    God:
Gold:   46         SH:  0    Dex: 14    Spells: 1 memorised, 6 levels left

rFire  . . .     SeeInvis .     g - -3 hunting sling (curse)
rCold  . . .     Gourm    .     a - +0 robe
rNeg   . . .     Faith    .     (no shield)
rPois  .         Spirit   .     (helmet restricted)
rElec  .         Reflect  .     (no cloak)
rCorr  +         Harm     .     (no gloves)
MR     .....                    (boots unavailable)
Stlth  ++........               l - amulet of magic regeneration
                                (no ring)
                                d - ring of resist corrosion

@: lethally poisoned (0 -> -6)
A: beak, talons 3
a: no special abilities


You were on level 2 of the Dungeon.
You were not hungry.

You visited 1 branch of the dungeon, and saw 2 of its levels.

You collected 46 gold pieces.

Inventory:

Hand Weapons
 g - a cursed -3 hunting sling (weapon)
Missiles
 e - 5 curare-tipped needles
 i - 3 javelins
 j - 4 stones (quivered)
Armour
 a - a +0 robe (worn)
Jewellery
 d - a ring of resist corrosion (left hand)
 l - an amulet of magic regeneration (around neck)
Books
 b - a Young Poisoner's Handbook

   Spells                             Type                      Level
   a - Sting                          Conjuration/Poison           1
   b - Mephitic Cloud                 Conjuration/Poison/Air       3
   c - Olgreb's Toxic Radiance        Poison                       4
   d - Alistair's Intoxication        Transmutation/Poison         5
   e - Venom Bolt                     Conjuration/Poison           5
Comestibles
 c - 2 bread rations
 f - 2 chunks of flesh
 h - a meat ration
 k - a beef jerky
 m - a slice of pizza
 n - 4 fruits


   Skills:
 + Level 0.2 Fighting
 + Level 0.4(0.6) Slings
 + Level 0.6(0.7) Throwing
 + Level 2.3 Dodging
 + Level 2.0 Stealth
 + Level 0.4 Unarmed Combat
 + Level 2.5 Spellcasting
 + Level 1.3 Conjurations
 + Level 4.4 Poison Magic


You had 6 spell levels left.
You knew the following spells:

 Your Spells              Type           Power        Failure   Level  Hunger
a - Sting                 Conj/Pois      ##..         8%          1    #......


Dungeon Overview and Level Annotations

Branches:
Dungeon (2/15)

Altars:


Innate Abilities, Weirdness & Mutations

You have a beak for a mouth.
You have claws for feet.


Message History

The sting hits the kobold.
The kobold appears unharmed.
The kobold is moderately wounded.
The kobold hits you. The adder bites you.
You aren't carrying any potions.
You feel sick. The adder misses you.
You kill the kobold!
* * * LOW HITPOINT WARNING * * *
You feel sick. The adder bites you.
* * * LOW HITPOINT WARNING * * *
You are more poisoned.
The adder poisons you! The adder closely misses you.
* * * LOW HITPOINT WARNING * * *
You feel sick.
* * * LOW HITPOINT WARNING * * *
You feel sick. The adder barely misses you.
* * * LOW HITPOINT WARNING * * *
You feel sick. The adder barely misses you.
Some of the chunks of flesh in your inventory have rotted away.
You die...

..# ..# ..#### #####
.....####### #...#
..##.......###### #...#
..########......########...#
...........................#
.###############.#######...#
.### #@.S.# #...# ...###
####.####...# ##...#
#......#...... ###.#
###########..#..... #.#
#.........##%...... #.#
#.........# #...... #.####
#...<.....# #..... #....##
#.........# ..... ####..#
#..)......# ....


You could see an adder.

Vanquished Creatures
  2 dart slugs
  A leopard gecko (D:1)
  3 bats (D:1)
  2 giant cockroaches (D:1)
  6 goblins
  13 hobgoblins
  2 jackals
  2 frilled lizards (D:1)
  3 kobolds
  5 rats (D:1)
39 creatures vanquished.

Notes
Turn   | Place    | Note
-------+----------+-------------------------------------------
     0 | D:1      | Miant the Tengu Venom Mage began the quest for the Orb.
     0 | D:1      | Reached XP level 1. HP: 10/10 MP: 4/4
   209 | D:1      | Reached XP level 2. HP: 15/15 MP: 3/6
   745 | D:1      | Reached skill level 1 in Conjurations
   745 | D:1      | Reached XP level 3. HP: 19/19 MP: 3/7
  1852 | D:2      | Succumbed to an adder's poison

Skill      XL: |  1  2 |
---------------+-------+-----
Conjurations   | 1 |  1.3
Fighting       | |  0.2
Slings         | |  0.4
Throwing       | |  0.6
Dodging        | |  2.3
Stealth        | |  2.0
Unarmed Combat | |  0.4
Spellcasting   | |  2.5
Poison Magic   | |  4.4

Action                   || total
-------------------------++-------
Melee: Unarmed           ||    26
       Kick              ||     5
       Peck              ||     3
 Fire: Hunting sling     ||    11
Throw: Javelin           ||    15
 Cast: Sting             ||    73
  Use: Scroll            ||     3
  Eat: Chunk             ||     4
Armor: Robe              ||    11
Dodge: Dodged            ||    54
